 Dungeon Crawl Stone Soup version 0.29-a0-565-g7a16c6de65 (webtiles) character file.

Game seed: 912792655043200057

1685 KristoblXynda the Ruffian (level 8, -1/83 HPs)
             Began as a Troll Monk on June 12, 2022.
             Slain by an orc warrior
             ... wielding a +0 long sword
              (13 damage)
             ... on level 6 of the Dungeon.
             The game lasted 00:04:18 (4196 turns).

KristoblXynda the Ruffian (Troll Monk)              Turns: 4196, Time: 00:04:19

Health: -1/83      AC:  5    Str: 22    XL:     8   Next: 71%
Magic:  7/7        EV: 11    Int:  6    God:
Gold:   352        SH:  0    Dex: 12    Spells: 7/7 levels left

rFire   . . .      SeeInvis .     - Unarmed
rCold   . . .      Faith    .   (no shield)
rNeg    . . .      Spirit   .   a - +1 robe
rPois   .          Reflect  .   (helmet restricted)
rElec   .          Harm     .   (no cloak)
rCorr   .          Rampage  .   (gloves unavailable)
Will    .....                   (boots unavailable)
Stlth   +.........              q - amulet of regeneration
HPRegen 1.83/turn               (no ring)
MPRegen 0.10/turn               (no ring)

@: confused, ambrosia-drunk
A: large, unfitting armour, claws 3, regeneration 1, shaggy fur 1, tough skin 1
a: no special abilities


You were on level 6 of the Dungeon.
You visited 1 branch of the dungeon, and saw 6 of its levels.

You collected 352 gold pieces.

Inventory:

Armour
 a - a +1 robe (worn)
Jewellery
 q - an amulet of regeneration (around neck)
Scrolls
 c - a scroll of torment {unknown}
 e - a scroll of poison {unknown}
 g - 2 scrolls of enchant armour
 h - a scroll of blinking
 i - 2 scrolls of teleportation
 j - a scroll of fear {unknown}
 l - a scroll of noise {unknown}
 m - a scroll of summoning {unknown}
 n - a scroll of silence {unknown}
 o - a scroll of acquirement {unknown}
 s - a scroll of immolation {unknown}
 v - a scroll of fog {unknown}
Potions
 b - a potion of ambrosia
 d - 4 potions of curing
 f - 3 potions of mutation
 k - 2 potions of berserk rage {unknown}
 p - a potion of lignification {unknown}
 r - a potion of haste
 t - a potion of heal wounds {unknown}
 u - 2 potions of resistance


   Skills:
 + Level 5.8 Fighting
 + Level 5.9 Dodging
 - Level 1.0 Stealth
 + Level 7.1 Unarmed Combat


You had 7 spell levels left.
You didn't know any spells.
Your spell library contained the following spells:

 Spells                   Type           Power      Damage    Failure   Level
 Apportation              Tloc           0%         N/A       45%         1
 Foxfire                  Conj/Fire      0%         2x1d4     45%         1
 Necrotize                Necr           0%         1d4       45%         1
 Summon Small Mammal      Summ           0%         N/A       45%         1
 Blink                    Tloc           0%         N/A       58%         2
 Ensorcelled Hibernation  Hex/Ice        0%         N/A       58%         2
 Sublimation of Blood     Necr           0%         N/A       58%         2
 Spider Form              Tmut/Pois      0%         N/A       83%         3
 Vampiric Draining        Necr           0%         2d6       83%         3
 Airstrike                Air            0%         N/A       99%         4
 Anguish                  Hex/Necr       0%         N/A       99%         4
 Petrify                  Tmut/Erth      0%         N/A       99%         4
 Summon Lightning Spire   Summ/Air       0%         N/A       99%         4
 Agony                    Necr           0%         N/A       100%        5
 Irradiate                Conj/Tmut      0%         3d13      100%        5
 Lightning Bolt           Conj/Air       0%         1d11      100%        5
 Manifold Assault         Tloc           0%         N/A       100%        5
 Storm Form               Tmut/Air       0%         N/A       100%        7


Dungeon Overview and Level Annotations

Branches:
Dungeon (6/15)
 Temple: D:4-7

Altars:

Shops:
D:3 (   D:4 *


Innate Abilities, Weirdness & Mutations

You are too large for most types of armour.
You have claws for hands.
Your natural rate of healing is unusually fast.
You are covered in fur. (AC +1)
You have tough skin. (AC +1)


Message History

You are too injured to fight recklessly!
You are too injured to fight recklessly!
You are too injured to fight recklessly!
You are too injured to fight recklessly!
You are too injured to fight recklessly!
You are too injured to fight recklessly!
You claw the orc warrior!
The orc warrior is moderately wounded.
The orc warrior hits you with a +0 long sword!
* * * LOW HITPOINT WARNING * * *
You claw the orc warrior!
The orc warrior is heavily wounded.
The orc warrior closely misses you.
Unknown command.
You are confused.
You feel invigorated.
The orc warrior hits you with a +0 long sword!
* * * LOW HITPOINT WARNING * * *
You bump into the rock wall.
The orc warrior hits you with a +0 long sword!
* * * LOW HITPOINT WARNING * * *
You bump into the rock wall.
The orc warrior hits you with a +0 long sword.
* * * LOW HITPOINT WARNING * * *
You miss the orc warrior.
The orc warrior is heavily wounded.
The orc priest begins to cast a cantrip, but forgets the words!
The orc warrior hits you but does no damage.
You bump into the rock wall.
The orc warrior hits you with a +0 long sword.
* * * LOW HITPOINT WARNING * * *
The orc priest invokes the aid of Beogh against you.
Beogh smites you!
* * * LOW HITPOINT WARNING * * *
The orc warrior throws a boomerang.
The boomerang closely misses you.
The orc priest calls down the wrath of Beogh upon you.
Beogh smites you!
* * * LOW HITPOINT WARNING * * *
The orc warrior hits you with a +0 long sword!
You die...

##.##.#
#
#..#.#
#
##.#.#
# #.#.#
# #...#
# ##..#
# #..#
# #..#
# #.@#
# ##o#
# #o# #
#h# #
#.oo# #
#...# #
#...# #
#...# #
#...# #


You could see an orc warrior, a hound, an orc priest and 2 orcs.

Vanquished Creatures
  The ghost of supermoro the Shield-Bearer, a novice GrFi of Okawaru (D:5)
  Sigmund (D:3)
  A black bear (D:6)
  An ice beast (D:5)
  An ogre (D:6)
  4 necrophages
  2 scorpions
  A howler monkey (D:4)
  3 hounds
  3 iguanas (D:5)
  2 orc wizards
  Natasha (thrice) (D:3)
  Terence (D:3)
  A bullfrog simulacrum (D:5)
  A centaur simulacrum (D:5)
  9 adders
  A hound simulacrum (D:5)
  A shadow imp (D:5)
  3 white imps (D:5)
  A howler monkey simulacrum (D:5)
  A worm (D:2)
  2 dart slugs (D:2)
  18 orcs
  11 bats
  5 endoplasms
  8 giant cockroaches
  6 goblins
  4 hobgoblins
  6 jackals
  7 kobolds
  3 quokkas
  11 ball pythons
  3 frilled lizards
  7 rats
133 creatures vanquished.

Vanquished Creatures (others)
  An orc (D:5)
  6 plants (D:3)
7 creatures vanquished.

Grand Total: 140 creatures vanquished

Notes
Turn   | Place    | Note
-------+----------+-------------------------------------------
     0 | D:1      | KristoblXynda the Troll Monk began the quest for the Orb.
     0 | D:1      | Reached XP level 1. HP: 22/22 MP: 0/0
   153 | D:1      | Found a faded altar of an unknown god.
   156 | D:1      | Reached XP level 2. HP: 29/29 MP: 1/1
   544 | D:1      | Reached XP level 3. HP: 36/36 MP: 2/2
  1306 | D:3      | Reached XP level 4. HP: 45/45 MP: 3/3
  1401 | D:3      | Noticed Sigmund
  1425 | D:3      | Killed Sigmund
  1426 | D:3      | Reached skill level 4 in Unarmed Combat
  1426 | D:3      | Reached XP level 5. HP: 18/54 MP: 4/4
  1430 | D:3      | Noticed Terence
  1445 | D:3      | Killed Terence
  1448 | D:3      | Reached XP level 6. HP: 28/62 MP: 5/5
  1685 | D:3      | Found Ulyifilat's Weapon Boutique.
  1735 | D:3      | Noticed Natasha
  1739 | D:3      | Killed Natasha
  1916 | D:3      | Noticed Natasha
  1926 | D:3      | Killed Natasha
  2140 | D:3      | Noticed Natasha
  2146 | D:3      | Killed Natasha
  2271 | D:4      | Reached skill level 5 in Unarmed Combat
  2365 | D:4      | Reached XP level 7. HP: 70/70 MP: 6/6
  2656 | D:4      | Found Gyimodi Ukong's Neck Hole.
  3175 | D:5      | Entered Level 5 of the Dungeon
  3522 | D:5      | Noticed supermoro's ghost (novice GrFi)
  3561 | D:5      | Found a runed translucent gate.
  3561 | D:5      | Found a runed translucent gate.
  3561 | D:5      | Found a runed translucent gate.
  3672 | D:5      | Reached skill level 5 in Dodging
  3672 | D:5      | Reached skill level 6 in Unarmed Combat
  3884 | D:5      | Reached skill level 5 in Fighting
  3908 | D:5      | Killed supermoro's ghost
  3909 | D:5      | Reached XP level 8. HP: 25/80 MP: 7/7
  3985 | D:5      | Got Thaumaturgy, Part One
  4128 | D:6      | Reached skill level 7 in Unarmed Combat
  4196 | D:6      | Slain by an orc warrior

Illustrated notes

Levels and vault maps discovered:
D:1:      nicolae_arrival_memento_mori, layout_loops_ring,
          shapermc_ecumenical_altar_venn, glass_columns_a, minmay_box_of_dots
D:2:      layout_basic, serial_curves, eino_curves_03, eino_curves_04,
          eino_curves_02, eino_curves_02, dk_vineyard_2,
          ebering_dispersal_statue_hall, kennysheep_minor_cross
D:3:      wad_lake_hut, layout_basic, serial_shops,
          nicolae_shop_bloodbath_and_beyond, kennysheep_crisscross,
          uniq_terence, uniq_sigmund, uniq_natasha
D:4:      layout_cave_pods, nicolae_shop_sticking_my_neck_out
D:5:      layout_loops_ring, gammafunk_ghost_icy
D:6:      layout_basic, fedhas_altar_3, minmay_temple_entry_large_hall,
          uniq_blork_the_orc, uniq_duvessa

Skill      XL: |  1  2  3  4  5  6  7  8 |
---------------+-------------------------+-----
Dodging        | 3 4 5 |  5.9
Fighting       | 3 4 5 |  5.8
Unarmed Combat | 4 5 6 7 |  7.1
Stealth        | |  1.0

Action                   |  1- 3 |  4- 6 |  7- 9 || total
-------------------------+-------+-------+-------++-------
Melee: Unarmed           |   123 |    97 |   197 ||   417
       Punch             |     1 |       |     7 ||     8
  Use: Potion            |       |     1 |     1 ||     2
       Scroll            |       |       |     9 ||     9
 Stab: Sleeping          |     3 |     1 |     3 ||     7
Armor: Robe              |    44 |    33 |    47 ||   124
Dodge: Dodged            |    65 |    58 |    83 ||   206

Table legend: (Time is in decaauts)
 A = Elapsed time spent in this place.
 B = Non-inter-level travel time spent in this place.
 C = Inter-level travel time spent in this place.
 D = Time resting spent in this place.
 E = Time spent auto-exploring this place.
 F = Levels seen in this place.
 G = Mean time per level.
                   A        B        C        D        E       F      G
               +--------+--------+--------+--------+--------+-----+--------+
         Total |   4193 |   4088 |    105 |    129 |   3119 |   6 |  698.8 |
       Dungeon |   4193 |   4088 |    105 |    129 |   3119 |   6 |  698.8 |
               +--------+--------+--------+--------+--------+-----+--------+

Top non-repeatable levels by time:
     D:3: 969 daAuts
     D:4: 927 daAuts
     D:5: 838 daAuts
     D:2: 658 daAuts
     D:1: 636 daAuts
     D:6: 164 daAuts
